 Dungeon Crawl Stone Soup version 0.29.1-1-gd02db6906a (webtiles) character file.

Game seed: 6548724293577195381

2029 vvl the Trooper (level 9, 0/62 (68) HPs)
             Began as a Demonspawn Fighter on Sept 28, 2022.
             Was a Follower of Kikubaaqudgha.
             Slain by a wight
             ... wielding a +0 hand axe
              (1 damage)
             ... on level 6 of the Dungeon.
             The game lasted 00:14:50 (8689 turns).

vvl the Trooper (Demonspawn Fighter)                Turns: 8689, Time: 00:14:50

HP:   0/62 (68)     AC:  7    Str: 17    XL:     9   Next: 3%
MP:   14/14         EV: 14    Int: 13    God:    Kikubaaqudgha [*.....]
Gold: 329           SH:  5    Dex: 13    Spells: 15/15 levels left

rFire   . . .      SeeInvis .   f - +7 short sword (venom)
rCold   . . .      Faith    .   c - +0 buckler
rNeg    . . .      Spirit   .   e - +0 ring mail
rPois   .          Reflect  .   C - +0 hat
rElec   .          Harm     .   (no cloak)
rCorr   .          Rampage  .   (no gloves)
Will    +....                   (no boots)
Stlth   +.........              u - amulet of the acrobat
HPRegen 0.20/turn               l - +4 ring of evasion
MPRegen 0.14/turn               r - ring of willpower

@: drained
A: hooves 1, powered by pain 2, sharp scales 1
a: Renounce Religion, Unearth Wretches


You were on level 6 of the Dungeon.
You worshipped Kikubaaqudgha.
Kikubaaqudgha was aware of your devotion.
You visited 1 branch of the dungeon, and saw 7 of its levels.

You collected 329 gold pieces.

Inventory:

Hand Weapons
 f - a +7 short sword of venom (weapon)
 x - a +1 whip of electrocution
Armour
 c - a +0 buckler (worn)
 e - a +0 ring mail (worn)
 C - a +0 hat (worn)
Jewellery
 l - a +4 ring of evasion (left hand)
 r - a ring of willpower (right hand)
 u - an amulet of the acrobat (around neck)
Wands
 k - a wand of iceblast (6)
 z - a wand of quicksilver (5)
Scrolls
 g - a scroll of poison {unknown}
 i - 3 scrolls of teleportation
 j - a scroll of magic mapping {unknown}
 o - a scroll of silence {unknown}
 p - 2 scrolls of amnesia {unknown}
 t - 2 scrolls of fear {unknown}
 v - 2 scrolls of immolation {unknown}
 w - a scroll of brand weapon
 y - a scroll of noise {unknown}
Potions
 b - a potion of attraction {unknown}
 d - a potion of might
 m - 4 potions of curing
 n - 4 potions of lignification {unknown}
 q - a potion of invisibility {unknown}
 s - a potion of magic {unknown}


   Skills:
 + Level 5.4 Fighting
 + Level 0.7 Short Blades
 - Level 4.1 Axes
 + Level 4.8 Armour
 - Level 2.0 Dodging
 - Level 4.0 Shields
 + Level 3.8 Spellcasting
 + Level 4.2 Conjurations
 + Level 1.0 Summonings
 + Level 4.7 Necromancy


You had 15 spell levels left.
You didn't know any spells.
Your spell library contained the following spells:

 Spells                   Type           Power      Damage    Failure   Level
 Necrotise                Necr           56%        1d6       7%          1
 Sublimation of Blood     Necr           14%        N/A       10%         2
 Animate Dead             Necr           14%        N/A       54%         4
 Tukima's Dance           Hex            2%         N/A       82%         3
 Anguish                  Hex/Necr       4%         N/A       87%         4
 Passage of Golubria      Tloc           2%         N/A       99%         4
 Summon Forest            Summ/Tloc      1%         N/A       100%        5
 Summon Mana Viper        Hex/Summ       3%         N/A       100%        5
 Yara's Violent Unravell  Hex/Tmut       1%         3d3       100%        5
 Summon Cactus Giant      Summ           2%         N/A       100%        6
 Haunt                    Necr/Summ      5%         N/A       100%        7
 Infestation              Necr           7%         N/A       100%        8


Dungeon Overview and Level Annotations

Branches:
Dungeon (7/15)             Temple (0/1) D:7

Altars:
Kikubaaqudgha
Ru
Wu Jian
Yredelemnul

Shops:
D:6 (:*:


Innate Abilities, Weirdness & Mutations

You have large cloven feet.
You sometimes gain power by taking damage.
You are partially covered in razor-sharp scales. (AC +1, Slay +1)


Message History

You feel drained.
You are too injured to fight recklessly!
You are too injured to fight recklessly!
You are too injured to fight recklessly!
You are too injured to fight recklessly!
You are too injured to fight recklessly!
The wight closely misses you. The wight attacks as you move away!
The wight hits you with a +0 hand axe.
You hit the wight. Your kick misses the wight.
The wight is lightly damaged.
The wight closely misses you.
You puncture the wight!
The wight is severely damaged.
The wight barely misses you.
You hit the wight but do no damage. You kick the wight.
The wight is almost destroyed.
The wight hits you but does no damage.
You hit the wight.
You destroy the wight!
Kikubaaqudgha accepts your kill.
Your Summonings skill increases to level 1!
You closely miss the wight.
The wight is heavily damaged.
The wight hits you with a +0 hand axe!
* * * LOW HITPOINT WARNING * * *
You feel drained.
* * * LOW HITPOINT WARNING * * *
The wight hits you with a +0 hand axe.
* * * LOW HITPOINT WARNING * * *
You feel drained.
* * * LOW HITPOINT WARNING * * *
You hit the wight but do no damage. You kick the wight.
The wight is severely damaged.
The wight hits you with a +0 hand axe.
* * * LOW HITPOINT WARNING * * *
You barely miss the wight. You kick the wight, but do no damage.
The wight is severely damaged.
The wight hits you with a +0 hand axe.
You die...
Kikubaaqudgha rasps: "You have failed me!
Welcome... death!"

######### #)# #.....#
#[######
###.....###########......#
..+.....'.........#.)....#
.##.....#########...###..#
.###......##........'∩'..#
.# #......##.#......###..#
.# #......##.#.##.......##
.###......##..)z@.#.....#
..............>####.#####
..........####.# #.#
......##### #.# #.#
......# #.# #.# ......#
#[# #.# ..)...########.#
#.# ......#.....##.# #.#
#...........##.# #.#


You could see a wight.

Vanquished Creatures
  Duvessa (D:6)
  A water moccasin (D:7)
  An ice beast (D:7)
  A black bear (D:5)
  A kobold brigand (D:4)
  3 necrophages
  A bullfrog (D:6)
  A scorpion (D:5)
  2 water moccasin zombies (D:4)
  4 wights
  Dowan (D:6)
  A jelly (D:7)
  A centaur zombie (D:4)
  4 hounds
  2 gnoll boudas
  A human zombie (D:4)
  2 orc priests
  2 iguanas (D:5)
  5 orc wizards
  A scorpion zombie (D:4)
  A mummy (D:4)
  A howler monkey zombie (D:4)
  12 gnolls
  4 adders
  A shadow imp (D:5)
  A white imp (D:6)
  3 ufetubi
  2 adder zombies (D:4)
  A worm (D:2)
  3 dart slugs
  14 orcs
  10 bats
  4 endoplasms
  4 giant cockroaches
  9 goblins
  8 hobgoblins
  3 jackals (D:1)
  7 quokkas
  8 ball pythons
  A frilled lizard (D:1)
  14 kobolds
  4 rats
151 creatures vanquished.

Vanquished Creatures (others)
  2 orc wizards (D:5)
  A plant (D:5)
3 creatures vanquished.

Grand Total: 154 creatures vanquished

Notes
Turn   | Place    | Note
-------+----------+-------------------------------------------
     0 | D:1      | vvl the Demonspawn Fighter began the quest for the Orb.
     0 | D:1      | Reached XP level 1. HP: 18/18 MP: 1/1
   131 | D:1      | Gained mutation: You have large cloven feet. [demonic
                  | ancestry]
   131 | D:1      | Reached XP level 2. HP: 20/24 MP: 2/2
   623 | D:2      | Reached XP level 3. HP: 29/29 MP: 3/3
  1361 | D:2      | Reached skill level 1 in Necromancy
  1365 | D:2      | Reached skill level 1 in Spellcasting
  1464 | D:2      | Found a faded altar of an unknown god.
  1523 | D:2      | Gained mutation: You sometimes gain a little power by
                  | taking damage. [demonic ancestry]
  1523 | D:2      | Reached XP level 4. HP: 31/35 MP: 5/5
  1563 | D:2      | Found an ornate altar of the Wu Jian Council.
  1588 | D:2      | Reached skill level 1 in Conjurations
  2971 | D:4      | Reached skill level 1 in Dodging
  3604 | D:4      | Reached XP level 5. HP: 8/41 MP: 6/6
  4128 | D:4      | Found an ancient bone altar of Kikubaaqudgha.
  4136 | D:4      | Reached XP level 6. HP: 44/48 MP: 8/8
  4138 | D:4      | Became a worshipper of Kikubaaqudgha
  4522 | D:4      | Reached skill level 4 in Fighting
  4529 | D:4      | Reached XP level 7. HP: 50/54 MP: 10/10
  5179 | D:5      | Entered Level 5 of the Dungeon
  6321 | D:5      | Gained mutation: You sometimes gain power by taking damage.
                  | [demonic ancestry]
  6321 | D:5      | Reached XP level 8. HP: 61/61 MP: 12/12
  6573 | D:5      | Reached * piety under Kikubaaqudgha
  6573 | D:5      | Received a gift from Kikubaaqudgha
  6664 | D:6      | Found a basalt altar of Yredelemnul.
  6752 | D:6      | Noticed Duvessa
  6752 | D:6      | Noticed Dowan
  7064 | D:6      | Killed Duvessa
  7082 | D:6      | Killed Dowan
  7083 | D:6      | Reached skill level 5 in Fighting
  7961 | D:6      | Found Umeetot's Weapon Shoppe.
  8102 | D:6      | Found Iximait's Book Shop.
  8153 | D:6      | Found Ifublast's Book Shoppe.
  8172 | D:6      | Found Asabije's Assorted Antiques.
  8325 | D:6      | Found a sacrificial altar of Ru.
  8491 | D:7      | Found a staircase to the Ecumenical Temple.
  8672 | D:7      | Gained mutation: You are partially covered in razor-sharp
                  | scales. (AC +1, Slay +1) [demonic ancestry]
  8672 | D:7      | Reached XP level 9. HP: 42/68 MP: 14/14
  8687 | D:6      | Reached skill level 1 in Summonings
  8688 | D:6      | HP: 1/62 [wight/+0 hand axe (4)]
  8689 | D:6      | Slain by a wight

Illustrated notes

Levels and vault maps discovered:
D:1:      shiori_arrival_elements, layout_rooms, serial_rivers,
          chequers_serial_rivers_room_a, chequers_serial_rivers_micro_b,
          chequers_serial_rivers_room_b, chequers_serial_rivers_large_b
D:2:      layout_basic, hellmonk_ecumenical_altar_heavens_door, basic_altar,
          st_stairs_2
D:3:      layout_loops_ring
D:4:      wad_crossroads, layout_loops_corners,
          lemuel_mausoleum_altar_kikubaaqudgha, mainiacjoe_overflow_alcove_4,
          kennysheep_generic_room_13
D:5:      layout_loops_ring, tso_oasis_becter
D:6:      layout_basic, mainiacjoe_overflow_surrounded_room,
          mainiacjoe_overflow_small_starburst, serial_glass, glass_columns_b,
          glass_columns_a, glass_columns_b, glass_columns_a, serial_shops,
          kennysheep_mini_moat, nicolae_shop_hallway_plus, shop, shop,
          bh_walls_and_bars, uniq_duvessa
D:7:      layout_rooms, lemuel_crystal_altar, minmay_temple_entry_slanted

Skill      XL: |  1  2  3  4  5  6  7  8  9 |
---------------+----------------------------+-----
Axes           | 2 3 4 |  4.1
Armour         | 3 4 |  4.8
Necromancy     | 1 2 3 4 |  4.7
Spellcasting   | 1 2 3 |  3.8
Conjurations   | 1 2 3 4 |  4.2
Shields        | 3 4 |  4.0
Dodging        | 1 2 |  2.0
Fighting       | 4 5 |  5.4
Summonings     | 1 |  1.0
Short Blades   | |  0.7

Action                   |  1- 3 |  4- 6 |  7- 9 || total
-------------------------+-------+-------+-------++-------
Melee: War axe           |    80 |    63 |       ||   143
       Kick              |    14 |    54 |    69 ||   137
       Whip              |       |   110 |   169 ||   279
       Short sword       |       |       |    95 ||    95
       Dagger            |       |       |    18 ||    18
Evoke: Wand              |       |     2 |       ||     2
  Use: Scroll            |       |       |     9 ||     9
       Potion            |       |       |     4 ||     4
Armor: Ring mail         |    32 |    33 |    76 ||   141
Dodge: Dodged            |    59 |   104 |   177 ||   340
Block: Buckler           |    18 |    25 |    71 ||   114
